Map: King's Cove LE

Players

SpeCial - Winner!

  • Race: Terran Terran
  • Spawn Location: 11:00

Creator

  • Race: Protoss Protoss
  • Spawn Location: 5:00

Event: IEM Season 13: Katowice (2019)

VOD

Have the link to the VOD?

Description

Time

  • Played on: Feb. 28, 2019, 7:17 a.m.
  • Length: 11:52

All games in this series

Show
View Real Time Build Order
Export as new Build Order

SpeCial Terran - Winner!

Build Orders:  

Get SALT Encoding   

  12  0:01  SCV  
  13  0:13  SCV  
  14  0:17  Supply Depot  
  14  0:25  SCV  
  15  0:39  SCV  
  15  0:40  Barracks  
  16  0:46  Refinery  
  16  0:51  SCV  
  16  0:56  Refinery  
  17  1:03  SCV  
  18  1:15  SCV  
  19  1:28  Reaper, Orbital Command  
  20  1:35  Supply Depot  
  20  1:46  Factory  
  20  1:54  SCV  
  21  2:00  Reaper  
  22  2:06  SCV  
  23  2:23  Command Center, SCV  
  23  2:29  Hellion  
  26  2:39  SCV  
  26  2:43  Starport  
  27  2:51  Barracks Reactor, Factory Tech Lab, Supply Depot  
  27  2:55  SCV  
  28  3:07  SCV  
  28  3:12  Cyclone  
  32  3:19  SCV  
  33  3:22  Viking  
  34  3:32  SCV  
  34  3:34  Marine x2  
  33  3:38  Orbital Command  
  34  3:44  SCV  
  35  3:52  Barracks, Starport Tech Lab  
  35  3:56  Barracks  
  35  3:57  Marine  
  35  4:00  Marine  
  37  4:04  SCV  
  37  4:05  SCV  
  39  4:11  Supply Depot  
  39  4:14  Liberator  
  39  4:16  Siege Tank  
  42  4:19  SCV  
  42  4:20  SCV  
  42  4:22  Marine  
  42  4:24  Marine  
  45  4:31  SCV  
  47  4:34  SCV  
  51  4:41  Supply Depot, Marine  
  51  4:43  SCV  
  53  4:47  SCV  
  53  4:50  Marine  
  55  4:55  SCV  
  55  4:57  Factory Reactor  
  55  4:59  SCV  
  57  5:02  Marine x3  
  57  5:04  Engineering Bay  
  57  5:06  Stimpack  
  60  5:07  SCV  
  60  5:11  SCV  
  60  5:14  Refinery, Supply Depot  
  62  5:15  Combat Shield  
  62  5:19  SCV  
  62  5:20  Marine x2  
  65  5:23  SCV  
  65  5:25  Marauder  
  68  5:31  Marauder  
  70  5:38  SCV  
  70  5:39  SCV  
  70  5:41  Missile Turret  
  72  5:42  Factory Reactor  
  72  5:44  Terran Infantry Weapons Level 1  
  72  5:48  Supply Depot  
  72  5:50  Marine x2  
  72  5:52  Medivac  
  72  5:53  Marine x2  
  78  6:01  Supply Depot  
  78  6:09  Medivac, SCV x2, Marine  
  82  6:18  Marine  
  83  6:19  Marauder  
  83  6:23  Marauder, Widow Mine x2  
  91  6:27  Marine  
  91  6:31  Supply Depot  
  93  6:35  Marine, Supply Depot  
  93  6:39  Concussive Shells  
  93  6:45  Marine  
  94  6:53  Marauder x2, Marine  
  99  6:56  SCV x2  
  99  7:00  Command Center  
  101  7:02  Widow Mine x2  
  101  7:03  Medivac, Marine  
  108  7:14  Marauder x2  
  110  7:15  Supply Depot  
  110  7:25  Barracks  
  110  7:26  Barracks  
  110  7:28  Refinery  
  110  7:30  Supply Depot  
  110  7:37  Widow Mine x2, SCV x2  
  115  7:45  Marauder, Marine  
  118  7:55  Medivac x2  
  115  7:58  Marine  
  115  7:59  Marauder, Widow Mine x2  
  115  8:03  SCV, Marine  
  117  8:06  Marine  
  117  8:08  SCV  
  117  8:12  Liberator  
  119  8:15  SCV  
  119  8:16  Barracks Tech Lab, Marine  
  119  8:17  Barracks Reactor  
  121  8:20  SCV, Marine  
  116  8:28  Marauder x2  
  116  8:29  Widow Mine x2  
  116  8:33  SCV x2  
  128  8:34  Marine  
  128  8:35  Orbital Command  
  128  8:38  Marine  
  128  8:39  Marauder  
  125  8:45  SCV x2  
  118  8:49  Marine x2  
  118  8:50  Widow Mine  
  118  8:52  Marine  
  118  8:55  Medivac  
  121  8:56  Marine  
  121  8:57  SCV x2  
  121  9:01  Marauder  
  122  9:04  SCV  
  122  9:05  Marine  
  122  9:07  Marauder  
  122  9:09  SCV x2, Marine  
  128  9:10  Marauder, Marine  
  128  9:14  Marine  
  128  9:16  SCV  
  118  9:17  Widow Mine  
  118  9:21  SCV  
  118  9:22  Marauder  
  118  9:23  Terran Infantry Armor Level 1, Marine  
  119  9:25  SCV  
  119  9:28  Marauder, SCV  
  119  9:31  Marauder, Marine x2  
  125  9:33  Medivac  
  125  9:36  Medivac  
  127  9:44  Missile Turret, Refinery  
  127  9:45  Missile Turret  
  127  9:47  Refinery  
  127  9:52  Marine x4  
  131  9:56  Widow Mine x2  
  135  10:04  Missile Turret  
  135  10:09  Marine  
  135  10:10  Marine  
  135  10:11  Marine  
  135  10:12  Marine  
  139  10:16  Command Center  
  139  10:19  Marauder  
  141  10:25  Marauder x2  
  141  10:34  Marine  
  135  10:36  Widow Mine x2  
  135  10:40  Marauder, SCV x3  
  135  10:47  Marauder  
  135  10:48  Marauder  
  136  10:52  SCV x2  
  131  10:57  Widow Mine x2  
  131  11:02  Marauder  
  133  11:07  Armory, Marine  
  133  11:08  Marauder  
  133  11:09  Marine  
  137  11:12  Marine  
  134  11:18  Widow Mine  
  134  11:21  Widow Mine  
  134  11:22  Marine  
  134  11:23  Marine  
  131  11:27  Marine  
  131  11:28  Marine  
  125  11:33  Marine x3  
Show
View Real Time Build Order
Export as new Build Order

Creator Protoss 

Build Orders: 1 Gate Expand, Oracle Opening 

Get SALT Encoding   

  12  0:00  Probe  
  13  0:12  Probe  
  14  0:17  Pylon  
  14  0:24  Probe  
  15  0:32  Probe  
  15  0:36  Gateway  
  15  0:40  Probe  
  16  0:46  Assimilator  
  17  0:51  Probe  
  18  1:03  Probe  
  19  1:15  Probe  
  20  1:26  Cybernetics Core  
  20  1:35  Nexus  
  20  1:40  Probe  
  20  1:46  Pylon  
  21  1:51  Assimilator  
  21  1:54  Adept, Probe  
  22  2:06  Probe  
  25  2:18  Probe  
  25  2:19  Stargate  
  26  2:26  Pylon  
  26  2:30  Adept, Probe  
  26  2:32  Warp Gate  
  27  2:42  Probe  
  29  2:47  Probe  
  30  2:54  Probe  
  30  2:57  Oracle  
  31  2:59  Adept, Probe  
  34  3:11  Probe  
  34  3:12  Probe  
  39  3:27  Probe x2  
  38  3:35  Probe  
  38  3:39  Probe  
  39  3:43  Probe  
  39  3:44  Oracle  
  39  3:46  Gateway  
  39  3:48  Gateway  
  43  3:51  Probe  
  43  3:53  Pylon  
  44  3:56  Probe  
  45  4:03  Probe  
  45  4:05  Pylon  
  45  4:07  Probe  
  46  4:11  Probe  
  46  4:16  Probe  
  48  4:19  Probe  
  50  4:28  Probe  
  50  4:29  Probe  
  50  4:30  Nexus  
  51  4:34  Pylon  
  52  4:39  Assimilator  
  52  4:42  Assimilator  
  52  4:46  Oracle  
  52  4:50  Probe x2  
  57  4:56  Stalker  
  59  5:00  Twilight Council  
  59  5:02  Forge  
  59  5:05  Shield Battery  
  59  5:06  Probe x2  
  61  5:14  Probe x2  
  61  5:19  Pylon  
  63  5:22  Probe x2, Blink  
  63  5:24  Pylon  
  63  5:27  Protoss Ground Weapons Level 1  
  65  5:33  Pylon  
  65  5:34  Probe x2  
  67  5:41  Probe  
  67  5:46  Probe  
  67  5:47  Probe  
  67  5:49  Probe, Phoenix  
  73  5:58  Probe  
  73  5:59  Probe x2  
  73  6:00  Stalker  
  78  6:12  Stalker x2  
  78  6:14  Oracle  
  78  6:18  Gateway x2  
  83  6:26  Shield Battery  
  83  6:30  Gateway  
  83  6:31  Gateway  
  80  6:33  Sentry  
  80  6:34  Gateway  
  80  6:35  Probe x3  
  80  6:37  Sentry  
  87  6:42  Robotics Facility  
  87  6:46  Stalker  
  89  6:49  Pylon  
  89  6:56  Pylon  
  89  6:58  Dark Shrine  
  87  7:10  Stalker x3  
  87  7:14  Pylon  
  93  7:17  Stalker x2  
  93  7:18  Pylon  
  96  7:25  Pylon  
  96  7:28  Stalker x2  
  100  7:30  Immortal  
  94  7:43  Stalker  
  100  7:44  Zealot  
  100  7:45  Zealot x4  
  105  8:00  Stalker x2  
  105  8:05  Zealot x5  
  103  8:10  Dark Templar  
  109  8:25  Stalker  
  109  8:26  Zealot x4  
  97  8:28  Zealot  
  97  8:34  Dark Templar  
  89  8:39  Warp Prism  
  81  8:43  Zealot x4  
  81  8:48  Stalker  
  87  8:51  Probe x2  
  87  8:52  Probe  
  87  8:53  Pylon  
  87  8:54  Stalker  
  87  8:55  Stalker  
  96  9:02  Zealot x3  
  96  9:05  Warp Prism  
  94  9:14  Dark Templar, Zealot x2  
  90  9:24  Zealot x3, Probe x2  
  88  9:25  Probe  
  91  9:31  Shield Battery  
  91  9:35  Protoss Ground Armor Level 1, Assimilator  
  91  9:37  Assimilator  
  91  9:41  Observer  
  91  9:43  Stalker  
  94  9:47  Photon Cannon, Probe x3  
  94  9:48  Pylon  
  94  9:49  Zealot  
  99  9:55  Immortal  
  99  9:58  Sentry  
  99  9:59  Zealot x2  
  105  10:02  Charge  
  104  10:11  Zealot  
  110  10:17  Stalker  
  110  10:19  Stalker  
  114  10:26  Sentry  
  114  10:30  Zealot x2  
  114  10:33  Dark Templar  
  102  10:37  Zealot, Stalker x2  
  102  10:39  Zealot  
  98  10:43  Stalker  
  90  10:51  Immortal  
  90  10:53  Stalker  
  90  10:55  Stalker  
  90  11:06  Stalker x3  
  90  11:08  Zealot x3  
  102  11:23  Zealot x2  
  78  11:32  Zealot x2  
  78  11:33  Zealot  
  78  11:34  Zealot x3  
  74  11:45  Zealot  
  68  11:49  Zealot  

Tags
 
Add a new tag
Caveats
  • Supply blocks, unpowered buildings, or Contaminate may cause inaccurate times.
  • Supply counts are checked every 10 seconds.